 Dungeon Sprint DCSS version 0.13-a0-2477-geaae114 (webtiles) character file.

1155 Lunia the Grappler (level 7, -6/71 HPs)
             Began as a Troll Monk on July 19, 2013.
             Was a Believer of Trog.
             Mangled by a sun demon (9 damage)
             ... summoned by a kobold demonologist
             ... in the Dungeon (Sprint I: "Red Sonja").
             The game lasted 00:02:29 (585 turns).

Lunia the Grappler (Troll Monk)                      Turns: 585, Time: 00:02:29

HP  -6/71        AC  5     Str 20      XL: 7   Next: 61%
MP   2/2         EV 13     Int  6      God: Trog [**....]
Gold 343         SH  0     Dex 14      Spells:  1 memorised,  5 levels left

Res.Fire  : . . .   See Invis. : .     - Unarmed
Res.Cold  : . . .   Warding    : .   a - +0 robe
Life Prot.: . . .   Conserve   : .   (shield restricted)
Res.Poison: .       Res.Corr.  : .   (helmet restricted)
Res.Elec. : .       Clarity    : .   (no cloak)
Sust.Abil.: . .     Spirit.Shd : .   (gloves unavailable)
Res.Mut.  : .       Prev.Telep.: +   (boots unavailable)
Res.Rott. : .       Flight     : .   (no amulet)
Gourmand  : +                        (no ring)
                                     (no ring)

@: regenerating (expiring), very resistant to hostile enchantments, fairly
stealthy
A: unfitting armour, claws 3, fast metabolism 3, gourmand, regeneration 2,
saprovore 2, tough skin 2, AC +1
a: Burn Spellbooks, Berserk, Trog's Hand, Renounce Religion


You were in the Dungeon.
You worshipped Trog.
Trog was most pleased with you.
You were not hungry.

You visited 1 branch You collected 405 gold pieces.
You spent 62 gold pieces at shops.

Inventory:

Armour
 a - a +0 robe (worn)
Comestibles
 b - 2 meat rations
 j - an apple
Scrolls
 h - a scroll of blinking
 k - a scroll of identify
Potions
 c - 2 potions of curing
 d - a potion of heal wounds
 e - a potion of speed
 f - 2 potions of magic
Books
 i - a book of Flames

   Spells                             Type                      Level
   *Flame Tongue                      Conjuration/Fire             1
   Throw Flame                        Conjuration/Fire             2
   Conjure Flame                      Conjuration/Fire             3
   Inner Flame                        Hexes/Fire                   3
   Sticky Flame                       Conjuration/Fire             4
   Fireball                           Conjuration/Fire             5
   Trog disapproves of the use of such an item.


   Skills:
 + Level 7.3 Fighting
 + Level 6.4 Dodging
 + Level 2.8 Stealth
 + Level 12.6 Unarmed Combat


You had 5 spell levels left.
You knew the following spells:

 Your Spells              Type           Power        Failure   Level  Hunger
a - Flame Tongue          Conj/Fire      #....        52%         1    ##.....


Dungeon Overview and Level Annotations

Branches:
Dungeon (1/1)

Altars:
Ashenzari
Elyvilon
Fedhas
Makhleb
Okawaru
Trog
Xom

Shops:
D: *

Annotations
D Sonja


Innate Abilities, Weirdness & Mutations

You are too large for most types of armour.
You have claws for hands.
Your metabolism is lightning-fast.
You like to eat raw meat.
You heal very quickly.
You can eat rotten meat.
You are covered in fur (AC +1).
You have very tough skin (AC +2).


Message History

Trog accepts your kill.
Trog appreciates your killing of a magic user.
The kobold demonologist casts a spell.
The giant eyeball stares at you.
You suddenly lose the ability to move!
The kobold demonologist hits you with a dagger.
Your skin is crawling a little less now.
The kobold demonologist hits you but does no damage.
The sun demon hits you!
You are engulfed in flames!
The kobold demonologist hits you but does no damage.
The sun demon hits you!
* * * LOW HITPOINT WARNING * * *
You are engulfed in flames!
* * * LOW HITPOINT WARNING * * *
You can move again.
Things that are here:
a dwarven dagger; a robe; a kobold corpse You completely miss the kobold demonologist.
The kobold demonologist barely misses you.
The sun demon hits you!
You die...

####################
'%.#..'..#__#..'@G.#
#..').#..'..'..#K3.#
##'#####'#__####...+
#..#...#.#### #####
####..##(#
...##'#..+
∩...%..._#
...##_.#'#
_._###+#.#


You could see a sun demon, a kobold demonologist and a giant eyeball.

Vanquished Creatures
  A giant amoeba (D)
  An elephant slug (D)
  A kobold demonologist (D)
  An ogre (D)
  Sigmund (D)
  Ijyb (D)
  A jelly (D)
7 creatures vanquished.

Notes
Turn   | Place    | Note
--------------------------------------------------------------
     0 | D        | Lunia, the Troll Monk, began the quest for the Orb.
     0 | D        | Reached XP level 1. HP: 20/20 MP: 0/0
     2 | D        | Noticed Ijyb
    13 | D        | Killed Ijyb
    13 | D        | Reached skill level 5 in Unarmed Combat
    13 | D        | Reached XP level 2. HP: 22/28 MP: 0/0
    25 | D        | Noticed an ogre
    30 | D        | Killed an ogre
    30 | D        | Reached skill level 7 in Unarmed Combat
    30 | D        | Reached XP level 3. HP: 3/36 MP: 1/1
    30 | D        | Reached XP level 4. HP: 3/45 MP: 1/1
   211 | D        | Noticed Sigmund
   216 | D        | Killed Sigmund
   216 | D        | Reached skill level 5 in Fighting
   216 | D        | Reached skill level 8 in Unarmed Combat
   216 | D        | Reached XP level 5. HP: 48/53 MP: 1/1
   242 | D        | Found a white marble altar of Elyvilon.
   244 | D        | Found a shattered altar of Ashenzari.
   250 | D        | Reached skill level 9 in Unarmed Combat
   252 | D        | Noticed Sonja
   397 | D        | Learned a level 1 spell: Flame Tongue
   418 | D        | Found a blossoming altar of Fedhas.
   418 | D        | Found a burning altar of Makhleb.
   418 | D        | Found Elirerr's General Store.
   418 | D        | Found a shattered altar of Ashenzari.
   418 | D        | Found a shimmering altar of Xom.
   418 | D        | Noticed an elephant slug
   429 | D        | Killed an elephant slug
   429 | D        | Reached skill level 5 in Dodging
   429 | D        | Reached skill level 10 in Unarmed Combat
   429 | D        | Reached XP level 6. HP: 39/62 MP: 2/2
   431 | D        | Found an iron altar of Okawaru.
   437 | D        | Bought an apple for 10 gold pieces
   437 | D        | Bought a potion of curing for 26 gold pieces
   437 | D        | Bought a scroll of identify for 26 gold pieces
   486 | D        | Found a bloodstained altar of Trog.
   486 | D        | Found an iron altar of Okawaru.
   486 | D        | Found a shattered altar of Ashenzari.
   486 | D        | Found a burning altar of Makhleb.
   486 | D        | Noticed a giant amoeba
   492 | D        | Killed a giant amoeba
   492 | D        | Reached skill level 12 in Unarmed Combat
   492 | D        | Reached XP level 7. HP: 42/71 MP: 2/2
   495 | D        | Became a worshipper of Trog the Wrathful
   495 | D        | Acquired Trog's first power
   495 | D        | Acquired Trog's second power
   576 | D        | Noticed a kobold demonologist
   577 | D        | Noticed a kobold demonologist
   580 | D        | Killed a kobold demonologist
   581 | D        | Paralysed by a giant eyeball for 4 turns
   582 | D        | Noticed a sun demon
   584 | D        | HP: 1/71 [sun demon[a kobold demonologist] (19)]
   585 | D        | Mangled by a sun demon

Action                   |  1- 3 |  4- 6 |  7- 9 || total
-------------------------+-------+-------+-------++-------
Melee: Unarmed           |    12 |    21 |     4 ||    37
Invok: Trog's Hand       |       |       |     1 ||     1
  Use: Scroll            |       |     1 |       ||     1
       Potion            |       |     1 |       ||     1
